Map: Orbital Shipyard

Players

Miszu

  • Race: Terran Terran
  • League: Master

PsiOniC - Winner!

  • Race: Protoss Protoss
  • League: Master

VOD

Have the link to the VOD?

Description

Time

  • Played on: March 27, 2016, 4:26 p.m.
  • Length: 9:27
Show
View Real Time Build Order
Export as new Build Order

Miszu Terran 

Build Orders: 1/1/1, Banshee Rush 

Get SALT Encoding   

  12  0:01  SCV  
  13  0:13  SCV  
  14  0:18  Supply Depot  
  14  0:25  SCV  
  14  0:27  Refinery  
  15  0:40  SCV  
  16  0:45  Barracks  
  16  0:52  SCV  
  17  0:57  Refinery  
  17  1:04  SCV  
  18  1:16  SCV  
  19  1:32  Orbital Command  
  19  1:33  Factory  
  19  1:35  Marine  
  20  1:54  Marine  
  20  1:58  SCV  
  20  1:59  Supply Depot  
  22  2:10  SCV  
  23  2:20  Marine  
  24  2:23  Starport, SCV  
  24  2:28  Supply Depot  
  25  2:30  Factory Tech Lab  
  25  2:35  SCV  
  26  2:38  Marine  
  27  2:47  SCV  
  28  2:56  Marine  
  29  2:59  SCV  
  29  3:05  Fusion Core  
  30  3:06  Cloaking Field, Banshee  
  30  3:11  SCV  
  34  3:15  Supply Depot  
  34  3:18  Marine  
  35  3:26  SCV  
  36  3:42  Command Center  
  36  3:44  SCV  
  37  3:50  Banshee  
  40  4:00  Widow Mine  
  38  4:06  SCV  
  38  4:18  SCV  
  39  4:26  Supply Depot  
  39  4:30  SCV  
  40  4:42  SCV  
  41  4:47  Banshee  
  41  4:49  Hyperflight Rotors  
  44  4:54  SCV  
  45  5:06  SCV  
  46  5:10  Starport  
  46  5:13  Starport  
  46  5:15  Orbital Command  
  46  5:18  Refinery, SCV  
  46  5:20  Refinery  
  47  5:30  Barracks Reactor, SCV  
  48  5:36  Banshee  
  48  5:41  SCV  
  53  5:42  SCV  
  53  5:53  SCV  
  53  5:55  SCV  
  55  5:57  Supply Depot  
  55  5:58  Starport Tech Lab  
  55  6:05  SCV  
  55  6:07  Supply Depot, SCV  
  54  6:17  SCV  
  53  6:19  SCV  
  53  6:26  Liberator  
  53  6:27  Liberator  
  53  6:29  SCV, Banshee  
  53  6:31  SCV  
  58  6:39  Liberator  
  55  6:41  SCV  
  55  6:43  SCV  
  63  6:53  SCV  
  64  6:55  SCV  
  68  7:05  SCV  
  68  7:07  SCV  
  67  7:17  SCV  
  67  7:19  SCV  
  69  7:23  Supply Depot  
  69  7:24  Supply Depot  
  69  7:29  Banshee  
  70  7:30  SCV, Banshee  
  70  7:31  SCV  
  70  7:33  Medivac  
  79  7:37  Command Center  
  79  7:42  SCV  
  79  7:43  SCV  
  81  7:54  SCV  
  81  7:55  Liberator x2, SCV  
  83  8:09  SCV  
  90  8:13  SCV  
  90  8:16  Supply Depot  
  90  8:17  Supply Depot  
  90  8:18  Starport x2  
  94  8:21  SCV  
  94  8:25  SCV  
  93  8:33  SCV  
  94  8:37  SCV  
  101  8:47  SCV  
  102  8:52  Armory  
  102  8:53  Refinery  
  102  8:57  Starport Tech Lab  
  102  8:58  Refinery, Starport Tech Lab  
  102  9:01  SCV  
  103  9:05  Command Center, SCV  
  104  9:13  SCV  
Show
View Real Time Build Order
Export as new Build Order

PsiOniC Protoss - Winner!

Build Orders: Oracle Opening 

Get SALT Encoding   

  12  0:01  Probe (Chrono Boost)  
  13  0:11  Probe (Chrono Boost)  
  14  0:17  Pylon  
  14  0:23  Probe (Chrono Boost)  
  15  0:35  Probe (Chrono Boost)  
  16  0:43  Gateway  
  16  0:46  Probe (Chrono Boost)  
  17  0:50  Assimilator  
  18  0:57  Probe (Chrono Boost)  
  18  1:07  Probe (Chrono Boost)  
  19  1:14  Pylon  
  19  1:18  Probe (Chrono Boost)  
  20  1:29  Probe (Chrono Boost)  
  20  1:31  Cybernetics Core  
  21  1:39  Probe (Chrono Boost)  
  22  1:42  Assimilator  
  22  1:50  Probe (Chrono Boost)  
  23  2:02  Nexus  
  23  2:10  Stargate  
  23  2:14  Probe (Chrono Boost)  
  24  2:18  Warp Gate (Chrono Boost)  
  24  2:27  Stalker, Probe (Chrono Boost)  
  27  2:37  Pylon  
  27  2:42  Probe (Chrono Boost)  
  28  2:56  Oracle (Chrono Boost)  
  32  3:04  Gateway  
  32  3:05  Gateway  
  31  3:16  Robotics Facility  
  31  3:21  Probe  
  31  3:22  Probe  
  33  3:33  Probe  
  34  3:35  Mothership Core  
  34  3:36  Pylon  
  36  3:45  Probe  
  37  3:54  Probe  
  37  3:57  Probe  
  39  4:05  Probe  
  40  4:17  Phoenix (Chrono Boost)  
  42  4:18  Observer  
  42  4:19  Probe  
  42  4:20  Probe  
  42  4:21  Assimilator  
  42  4:24  Pylon  
  45  4:28  Stalker  
  45  4:29  Stalker  
  47  4:38  Stalker  
  47  4:44  Probe  
  48  4:46  Probe  
  50  4:56  Observer  
  51  5:02  Probe  
  51  5:05  Pylon  
  52  5:08  Probe  
  52  5:14  Assimilator, Probe  
  54  5:16  Stalker x2  
  54  5:17  Gateway x2, Stalker  
  60  5:23  Forge  
  60  5:26  Probe  
  60  5:27  Probe  
  62  5:38  Probe (Chrono Boost)  
  62  5:39  Probe (Chrono Boost)  
  64  5:42  Stalker  
  64  5:43  Twilight Council, Stalker  
  68  5:53  Protoss Ground Weapons Level 1 (Chrono Boost)  
  68  5:55  Stalker  
  70  5:58  Probe (Chrono Boost)  
  70  6:00  Photon Cannon, Probe (Chrono Boost)  
  70  6:03  Photon Cannon  
  72  6:09  Probe  
  73  6:12  Probe  
  74  6:19  Probe  
  74  6:23  Stalker x3  
  78  6:52  Blink (Chrono Boost), Pylon x2  
  78  6:53  Pylon x2  
  78  7:02  Probe  
  78  7:10  Probe  
  79  7:17  Stalker x5  
  89  7:33  Pylon  
  89  7:39  Nexus  
  89  7:40  Pylon  
  89  7:43  Pylon  
  86  8:07  Stalker x3  
  86  8:08  Stalker x2  
  86  8:11  Probe x2  
  98  8:23  Probe  
  99  8:31  Observer  
  99  8:33  Stalker x5  
  108  8:51  Probe x2  
  108  8:53  Photon Cannon  
  108  8:54  Observer  
  111  8:56  Photon Cannon  
  111  8:58  Stalker x3  
  111  8:59  Stalker  
  119  9:04  Stalker  
Tags
 
Add a new tag
Caveats
  • Supply blocks, unpowered buildings, or Contaminate may cause inaccurate times.
  • Supply counts are checked every 10 seconds.